Toronto St Pats vs Tucson Roadrunners
Created - Friday, April 18, 2025 at 09:13
Goals
|
| Toronto St Pats |
1 |
1 |
1 |
0 |
0 |
3 |
| Tucson Roadrunners |
2 |
0 |
1 |
0 |
1 |
4 |
|
Shots
|
| Toronto St Pats |
4 |
14 |
19 |
2 |
3 |
39 |
| Tucson Roadrunners |
14 |
14 |
16 |
1 |
3 |
45 |
|
1st period
1. Toronto St Pats , Ryan Tverberg 22 (Brendan Gaunce 25) at 13:16
2. Tucson Roadrunners , Walker Duehr 21 (Brock McGinn 36, Steven Lorentz 29) at 14:01
3. Tucson Roadrunners , Mike Hardman 15 (Gage Goncalves 18) at 14:33
Penalties :
Scott Perunovich (TSP) for Holding (Minor) at 19:54
2nd period
4. Toronto St Pats , Connor Dewar 35 (Travis Boyd 50, Scott Perunovich 27) at 14:34 (PP)
Penalties :
Nikita Okhotiuk (TSP) for Interference (Minor) at 9:26, Owen Sillinger (TRR) for Interference (Minor) at 14:18
3rd period
5. Toronto St Pats , Connor Dewar 36 (Nick Cousins 37, Travis Boyd 51) at 1:41
6. Tucson Roadrunners , Ben Jones 8 (Topias Vilen 11, Ondrej Pavel 6) at 9:01
Penalties :
Connor Dewar (TSP) for Roughing (Minor) at 6:22, Nikita Okhotiuk (TSP) for Tripping (Minor) at 12:46, Austin Watson (TSP) for Holding (Minor) at 18:15
Overtime #1
No Goal
Penalties :
No Penalty
Shootout
Toronto St Pats, Connor Dewar - Stopped by Hunter Shepard
Tucson Roadrunners, William Carrier - Shot Misses the Net
Toronto St Pats, Nick Cousins - Stopped by Hunter Shepard
Tucson Roadrunners, Anthony Richard - Stopped by Matt Murray
Toronto St Pats, Travis Boyd - Stopped by Hunter Shepard
Tucson Roadrunners, Sheldon Dries - Goal!
Penalties :
No Penalty
Goalie Stats
Matt Murray (TSP), 42 saves from 45 shots - (0.933), OTL, 23-9-1, 65:00 minutes
Hunter Shepard (TRR), 36 saves from 39 shots - (0.923), W, 9-8-2, 65:00 minutes
Players Stats for Toronto St Pats
Player Name G A P +/- PIM S H SB GA TA FO MP PP MP PK MP
------------------------------------------------------------------------------------
0 0 0 0 0 0 0 0 0 0 0/0 0:00 0:00 0:00
Austin Watson 0 0 0 0 2 4 3 2 1 0 1/3 15:53 0:00 0:07
Bogdan Trineyev 0 0 0 0 0 0 0 0 0 1 0/0 8:16 0:00 0:00
Brendan Brisson 0 0 0 0 0 5 0 2 1 0 9/15 20:25 0:00 4:39
Brendan Gaunce 0 1 1 -2 0 0 3 0 0 0 9/15 13:03 0:00 0:00
Brett Berard 0 0 0 -2 0 3 1 0 0 0 0/2 15:09 0:00 1:31
Connor Dewar 2 0 2 1 2 5 2 0 1 1 11/20 20:49 0:16 3:51
John Farinacci 0 0 0 0 0 1 0 0 0 0 0/1 8:16 0:00 0:00
Lassi Thomson 0 0 0 1 0 2 0 2 0 0 0/0 17:27 0:00 3:14
Lucas Carlsson 0 0 0 1 0 0 0 2 0 0 0/0 14:20 0:00 0:12
Mackie Samoskevich 0 0 0 0 0 2 1 0 0 0 0/0 13:44 0:00 0:00
Matthew Maggio 0 0 0 0 0 2 2 0 1 0 0/0 8:16 0:00 0:00
Nick Cousins 0 1 1 1 0 4 3 0 0 1 0/1 21:10 0:16 4:48
Nikita Okhotiuk 0 0 0 -2 4 3 5 2 1 1 0/0 26:36 0:00 2:26
Pierre-Olivier Joseph 0 0 0 -2 0 3 5 3 0 2 0/0 27:43 0:00 4:40
Ryan Tverberg 1 0 1 -2 0 1 0 0 2 0 1/2 12:22 0:00 0:00
Sam Malinski 0 0 0 0 0 1 3 1 2 4 0/0 23:23 0:16 5:26
Scott Perunovich 0 1 1 0 2 0 2 0 1 0 0/0 21:50 0:16 3:52
Travis Boyd 0 2 2 1 0 3 1 0 0 0 6/12 21:18 0:16 4:39
Players Stats for Tucson Roadrunners
Player Name G A P +/- PIM S H SB GA TA FO MP PP MP PK MP
------------------------------------------------------------------------------------
0 0 0 0 0 0 0 0 0 0 0/0 0:00 0:00 0:00
Anthony Richard 0 0 0 -2 0 3 3 0 1 0 14/28 22:05 4:45 0:16
Ben Jones 1 0 1 1 0 3 2 0 0 0 4/5 6:33 0:00 0:00
Brock McGinn 0 1 1 1 0 2 6 0 3 1 0/0 23:05 4:43 0:00
Gage Goncalves 0 1 1 1 0 0 1 1 0 0 3/4 12:52 0:15 0:00
Johnathan Kovacevic 0 0 0 -2 0 3 2 5 0 1 0/0 29:07 4:31 0:16
Maksymilian Szuber 0 0 0 1 0 1 2 0 0 1 0/0 13:53 0:00 0:00
Maxwell Crozier 0 0 0 2 0 0 0 5 0 1 0/0 22:00 5:09 0:00
Mike Hardman 1 0 1 1 0 1 3 1 0 0 1/1 12:48 0:12 0:00
Ondrej Pavel 0 1 1 1 0 1 0 0 0 0 0/0 6:43 0:00 0:00
Owen Sillinger 0 0 0 1 2 0 0 0 1 0 0/0 11:56 0:00 0:00
Robert Hagg 0 0 0 2 0 0 3 0 0 2 0/0 22:00 5:09 0:00
Sheldon Dries 0 0 0 -2 0 6 0 1 2 1 5/6 21:24 4:45 0:00
Steven Lorentz 0 1 1 1 0 4 1 0 0 0 1/1 21:20 4:40 0:00
Topias Vilen 0 1 1 1 0 0 0 0 0 1 0/0 13:53 0:00 0:00
Tyson Barrie 0 0 0 -2 0 5 2 0 0 2 0/0 29:07 4:31 0:16
Walker Duehr 1 0 1 1 0 8 4 0 2 0 4/24 21:20 4:40 0:00
William Carrier 0 0 0 0 0 7 3 0 1 0 2/2 25:36 4:45 0:16
Zach Dean 0 0 0 -1 0 1 0 0 0 0 0/0 4:01 0:15 0:00
3 Stars
1 - Connor Dewar (TSP)
2 - Walker Duehr (TRR)
3 - Mike Hardman (TRR)
Power Play
Toronto St Pats - 1 on 1 Attempt(s) - 100.00%
Tucson Roadrunners - 0 on 5 Attempt(s) - 0.00%
Penalty Kill
Toronto St Pats - 5 on 5 Attempt(s) - 100.00%
- Score 0 goal in Penalty Kill
Tucson Roadrunners - 0 on 1 Attempt(s) - 0.00%
- Score 0 goal in Penalty Kill
Team Stat
Toronto St Pats - Hits : 31 - Faceoff Wins : 37 - Blocked Shots : 14 - Penalty Minutes : 10
Tucson Roadrunners - Hits : 32 - Faceoff Wins : 34 - Blocked Shots : 13 - Penalty Minutes : 2
Official
Referees : Pierre Lambert and Brandon Blandina
Linesman : Kilian McNamara and Ryan Daisy
Game Notes
No Game Note
Toronto St Pats
5 vs 5 Forward
Center Left Wing Right Wing Time % Phy DF OF
1 Connor Dewar Nick Cousins Travis Boyd 30 1 2 2
2 Brendan Brisson Austin Watson Mackie Samoskevich 30 1 2 2
3 Brendan Gaunce Brett Berard Ryan Tverberg 25 1 2 2
4 John Farinacci Bogdan Trineyev Matthew Maggio 15 1 2 2
5 vs 5 Defense
Defense Defense Time % Phy DF OF
1 Nikita Okhotiuk Pierre-Olivier Joseph 30 1 2 2
2 Sam Malinski Scott Perunovich 30 1 2 2
3 Lucas Carlsson Lassi Thomson 25 1 2 2
4 Nikita Okhotiuk Pierre-Olivier Joseph 15 1 2 2
PowerPlay Forward
Center Left Wing Right Wing Time % Phy DF OF
1 Connor Dewar Nick Cousins Travis Boyd 50 1 2 2
2 Brendan Brisson Austin Watson Mackie Samoskevich 50 1 2 2
PowerPlay Defense
Defense Defense Time % Phy DF OF
1 Nikita Okhotiuk Pierre-Olivier Joseph 50 1 2 2
2 Sam Malinski Scott Perunovich 50 1 2 2
Penalty Kill 4 Players Forward
Center Wing Time % Phy DF OF
1 Connor Dewar Nick Cousins 50 1 2 2
2 Travis Boyd Brendan Brisson 50 1 2 2
Penalty Kill 4 Players Defense
Defense Defense Time % Phy DF OF
1 Nikita Okhotiuk Pierre-Olivier Joseph 50 1 2 2
2 Sam Malinski Scott Perunovich 50 1 2 2
Penalty Kill - 3 Players Forward
Forward Time % Phy DF OF
1 Connor Dewar 50 1 2 2
2 Nick Cousins 50 1 2 2
Penalty Kill - 3 Players Defense
Defense Defense Time % Phy DF OF
1 Nikita Okhotiuk Pierre-Olivier Joseph 50 1 2 2
2 Sam Malinski Scott Perunovich 50 1 2 2
4 vs 4 Forward
Center Wing Time % Phy DF OF
1 Connor Dewar Nick Cousins 50 1 2 2
2 Travis Boyd Brendan Brisson 50 1 2 2
4 vs 4 Defense
Defense Defense Time % Phy DF OF
1 Nikita Okhotiuk Pierre-Olivier Joseph 50 1 2 2
2 Sam Malinski Scott Perunovich 50 1 2 2
Last Minutes Offensive
Center Left Wing Right Wing Defense Defense
Connor Dewar Nick Cousins Travis Boyd Nikita Okhotiuk Pierre-Olivier Joseph
Last Minutes Defensive
Center Left Wing Right Wing Defense Defense
Connor Dewar Nick Cousins Travis Boyd Nikita Okhotiuk Pierre-Olivier Joseph
Goaltenders
Starting : Matt Murray
Backup : Adam Scheel
Extra Forwards
Normal : Brendan Gaunce, Brett Berard, Ryan Tverberg - PP : Ryan Tverberg, Brendan Gaunce - PK : Brett Berard
Extra Defensemen
Normal : Lucas Carlsson, Lassi Thomson, Sam Malinski - PP : Lucas Carlsson - PK : Lassi Thomson, Sam Malinski
Penalty Shots
Connor Dewar, Nick Cousins, Travis Boyd, Brendan Brisson, Austin Watson
Scratches
Cole McWard (Healthy), Nico Myatovic (Healthy), Eetu Liukas (Healthy), Ville Koivunen (Healthy), Jake Leschyshyn (Healthy)
Jakub Skarek (Healthy), Brett Brochu (Healthy), Will Cranley (Healthy)
Tucson Roadrunners
5 vs 5 Forward
Center Left Wing Right Wing Time % Phy DF OF
1 Anthony Richard William Carrier Sheldon Dries 35 1 2 2
2 Walker Duehr Brock McGinn Steven Lorentz 35 1 2 2
3 Gage Goncalves Mike Hardman Owen Sillinger 20 1 2 2
4 Ben Jones Ondrej Pavel William Carrier 10 1 2 2
5 vs 5 Defense
Defense Defense Time % Phy DF OF
1 Johnathan Kovacevic Tyson Barrie 30 1 2 2
2 Maxwell Crozier Robert Hagg 30 1 2 2
3 Maksymilian Szuber Topias Vilen 25 1 2 2
4 Johnathan Kovacevic Tyson Barrie 15 1 2 2
PowerPlay Forward
Center Left Wing Right Wing Time % Phy DF OF
1 Anthony Richard William Carrier Sheldon Dries 50 1 2 2
2 Walker Duehr Brock McGinn Steven Lorentz 50 1 2 2
PowerPlay Defense
Defense Defense Time % Phy DF OF
1 Johnathan Kovacevic Tyson Barrie 50 1 2 2
2 Maxwell Crozier Robert Hagg 50 1 2 2
Penalty Kill 4 Players Forward
Center Wing Time % Phy DF OF
1 William Carrier Anthony Richard 50 1 2 2
2 Sheldon Dries Brock McGinn 50 1 2 2
Penalty Kill 4 Players Defense
Defense Defense Time % Phy DF OF
1 Johnathan Kovacevic Tyson Barrie 50 1 2 2
2 Maxwell Crozier Robert Hagg 50 1 2 2
Penalty Kill - 3 Players Forward
Forward Time % Phy DF OF
1 William Carrier 50 1 2 2
2 Anthony Richard 50 1 2 2
Penalty Kill - 3 Players Defense
Defense Defense Time % Phy DF OF
1 Johnathan Kovacevic Tyson Barrie 50 1 2 2
2 Maxwell Crozier Robert Hagg 50 1 2 2
4 vs 4 Forward
Center Wing Time % Phy DF OF
1 William Carrier Anthony Richard 50 1 2 2
2 Sheldon Dries Brock McGinn 50 1 2 2
4 vs 4 Defense
Defense Defense Time % Phy DF OF
1 Johnathan Kovacevic Tyson Barrie 50 1 2 2
2 Maxwell Crozier Robert Hagg 50 1 2 2
Last Minutes Offensive
Center Left Wing Right Wing Defense Defense
Anthony Richard William Carrier Sheldon Dries Johnathan Kovacevic Tyson Barrie
Last Minutes Defensive
Center Left Wing Right Wing Defense Defense
Anthony Richard William Carrier Sheldon Dries Johnathan Kovacevic Tyson Barrie
Goaltenders
Starting : Hunter Shepard
Backup : Kaapo Kahkonen
Extra Forwards
Normal : Zach Dean, Gage Goncalves, Mike Hardman - PP : Zach Dean, Gage Goncalves - PK : Mike Hardman
Extra Defensemen
Normal : Maksymilian Szuber, Topias Vilen, Maxwell Crozier - PP : Maksymilian Szuber - PK : Topias Vilen, Maxwell Crozier
Penalty Shots
William Carrier, Anthony Richard, Sheldon Dries, Brock McGinn, Walker Duehr
Scratches
Samuel Knazko (Healthy), Jack Matier (Healthy), Lleyton Moore (Healthy), Tanner Dickinson (Healthy), Chase Wheatcroft (Healthy)
Corson Ceulemans (Healthy), Trevor Kuntar (Healthy), Hunter Drew (Healthy), Magnus Chrona (Healthy), Georgi Romanov (Healthy)
Kevin Mandolese (Healthy), Arturs Silovs (Healthy)
% Time on Ice - Toronto St Pats
Lines # - Real PCT - Wanted PCT - Time Play
Normal Forward
1 - 30% - 30% - 14:47
2 - 30% - 30% - 15:03
3 - 24% - 25% - 11:58
4 - 17% - 15% - 8:16
Normal Defense
1 - 30% - 30% - 14:47
2 - 30% - 30% - 15:07
3 - 28% - 25% - 13:57
4 - 12% - 15% - 6:13
PP Forward
1 - 100% - 50% - 0:16
2 - 0% - 50% - 0:00
PP Defense
1 - 0% - 50% - 0:00
2 - 100% - 50% - 0:16
PK Forward
1 - 50% - 50% - 4:51
2 - 50% - 50% - 4:49
PK Defense
1 - 48% - 50% - 4:37
2 - 52% - 50% - 5:03
PK3 Forward
1 - 100% - 50% - 0:15
2 - 0% - 50% - 0:00
PK3 Defense
1 - 100% - 50% - 0:15
2 - 0% - 50% - 0:00
44 Forward
1 - 50% - 50% - 2:22
2 - 50% - 50% - 2:23
44 Defense
1 - 47% - 50% - 2:14
2 - 53% - 50% - 2:31
Last Minute Offensive - 0:00
Last Minute Defensive - 0:00
Total
Forward - 65:00
Defense - 65:00
|
% Time on Ice - Tucson Roadrunners
Lines # - Real PCT - Wanted PCT - Time Play
Normal Forward
1 - 30% - 35% - 14:54
2 - 33% - 35% - 16:40
3 - 24% - 20% - 11:57
4 - 13% - 10% - 6:33
Normal Defense
1 - 31% - 30% - 15:30
2 - 30% - 30% - 14:54
3 - 27% - 25% - 13:21
4 - 13% - 15% - 6:19
PP Forward
1 - 49% - 50% - 4:45
2 - 51% - 50% - 4:55
PP Defense
1 - 47% - 50% - 4:31
2 - 53% - 50% - 5:09
PK Forward
1 - 100% - 50% - 0:16
2 - 0% - 50% - 0:00
PK Defense
1 - 100% - 50% - 0:16
2 - 0% - 50% - 0:00
PK3 Forward
1 - 0% - 50%
2 - 0% - 50%
PK3 Defense
1 - 0% - 50%
2 - 0% - 50%
44 Forward
1 - 51% - 50% - 2:33
2 - 49% - 50% - 2:27
44 Defense
1 - 50% - 50% - 2:31
2 - 50% - 50% - 2:29
Last Minute Offensive - 0:00
Last Minute Defensive - 0:00
Total
Forward - 65:00
Defense - 65:00
|
Play-by-Play
1st period
0:01 of 1st period - Connor Dewar wins face-off versus Anthony Richard in neutral zone.
2:33 of 1st period - Wrist shot by Gage Goncalves.
2:33 of 1st period - Shot Blocked by Nikita Okhotiuk.
3:19 of 1st period - Brendan Gaunce is hit by Ben Jones and loses puck.
3:43 of 1st period - Mackie Samoskevich is hit by Brock McGinn and loses puck.
5:50 of 1st period - Snap shot by William Carrier.
5:50 of 1st period - Shot Misses the Net.
5:52 of 1st period - Snap shot by William Carrier.
5:52 of 1st period - Shot Misses the Net.
6:06 of 1st period - Nikita Okhotiuk is hit by Mike Hardman and loses puck.
6:17 of 1st period - Pierre-Olivier Joseph is hit by Brock McGinn and loses puck.
6:34 of 1st period - Snap shot by Brendan Brisson.
6:34 of 1st period - Stopped by Hunter Shepard without a rebound.
6:35 of 1st period - Brendan Brisson wins face-off versus Ben Jones in Tucson Roadrunners zone.
7:09 of 1st period - Snap shot by Ben Jones.
7:09 of 1st period - Shot Blocked by Lucas Carlsson.
7:11 of 1st period - Wrist shot by Ben Jones.
7:11 of 1st period - Stopped by Matt Murray with a rebound.
7:13 of 1st period - Slapshot by Johnathan Kovacevic.
7:13 of 1st period - Stopped by Matt Murray with a rebound.
7:15 of 1st period - Wrist shot by Ondrej Pavel.
7:15 of 1st period - Shot Misses the Net.
7:17 of 1st period - Slapshot by Johnathan Kovacevic.
7:17 of 1st period - Shot Blocked by Austin Watson.
7:19 of 1st period - Wrist shot by Ondrej Pavel.
7:19 of 1st period - Shot Blocked by Lassi Thomson.
7:37 of 1st period - Slapshot by Tyson Barrie.
7:37 of 1st period - Stopped by Matt Murray with a rebound.
7:39 of 1st period - Snap shot by Ondrej Pavel.
7:39 of 1st period - Shot Blocked by Brendan Brisson.
7:41 of 1st period - Wrist shot by Zach Dean.
7:41 of 1st period - Stopped by Matt Murray without a rebound.
7:42 of 1st period - Brendan Gaunce wins face-off versus Anthony Richard in Toronto St Pats zone.
7:47 of 1st period - Backhand shot by William Carrier.
7:47 of 1st period - Deflect By Sheldon Dries.
7:47 of 1st period - Stopped by Matt Murray without a rebound.
7:48 of 1st period - Anthony Richard wins face-off versus Brendan Gaunce in Toronto St Pats zone.
7:57 of 1st period - Snap shot by Sheldon Dries.
7:57 of 1st period - Stopped by Matt Murray without a rebound.
7:58 of 1st period - Steven Lorentz wins face-off versus Connor Dewar in Toronto St Pats zone.
8:35 of 1st period - William Carrier is hit by Nikita Okhotiuk and loses puck.
8:48 of 1st period - Matthew Maggio is hit by Mike Hardman and loses puck.
10:39 of 1st period - Snap shot by Scott Perunovich.
10:39 of 1st period - Shot Blocked by Maxwell Crozier.
10:41 of 1st period - Wrist shot by Nikita Okhotiuk.
10:41 of 1st period - Stopped by Hunter Shepard with a rebound.
10:43 of 1st period - Slapshot by Nikita Okhotiuk.
10:43 of 1st period - Stopped by Hunter Shepard with a rebound.
10:45 of 1st period - Snap shot by Nikita Okhotiuk.
10:45 of 1st period - Shot Blocked by Mike Hardman.
10:55 of 1st period - Brendan Gaunce is hit by Anthony Richard and loses puck.
11:02 of 1st period - Anthony Richard is hit by Brendan Gaunce and loses puck.
11:21 of 1st period - Wrist shot by Mackie Samoskevich.
11:21 of 1st period - Shot Misses the Net.
11:47 of 1st period - Walker Duehr is hit by Nick Cousins and loses puck.
11:58 of 1st period - Mike Hardman is hit by Matthew Maggio and loses puck.
12:15 of 1st period - Walker Duehr is hit by Brendan Gaunce.
12:19 of 1st period - Maksymilian Szuber is hit by Nikita Okhotiuk and loses puck.
12:42 of 1st period - Mike Hardman is hit by Mackie Samoskevich and loses puck.
12:49 of 1st period - Snap shot by Austin Watson.
12:49 of 1st period - Shot Misses the Net.
13:03 of 1st period - Ondrej Pavel is hit by Pierre-Olivier Joseph and loses puck.
13:12 of 1st period - Snap shot by Travis Boyd.
13:12 of 1st period - Deflect By Connor Dewar.
13:12 of 1st period - Shot Misses the Net.
13:12 of 1st period - Puck is out of play.
13:13 of 1st period - Brendan Gaunce wins face-off versus Anthony Richard in Tucson Roadrunners zone.
13:16 of 1st period - Snap shot by Ryan Tverberg.
13:16 of 1st period - Goal by Ryan Tverberg - Toronto St Pats : 1 - Tucson Roadrunners : 0.
13:17 of 1st period - Connor Dewar wins face-off versus Walker Duehr in neutral zone.
13:59 of 1st period - Snap shot by Brock McGinn.
13:59 of 1st period - Shot Blocked by Pierre-Olivier Joseph.
14:01 of 1st period - Backhand shot by Walker Duehr.
14:01 of 1st period - Goal by Walker Duehr - Toronto St Pats : 1 - Tucson Roadrunners : 1.
14:02 of 1st period - Connor Dewar wins face-off versus Anthony Richard in neutral zone.
14:13 of 1st period - Snap shot by Connor Dewar.
14:13 of 1st period - Shot Misses the Net.
14:31 of 1st period - Icing by Scott Perunovich.
14:32 of 1st period - Gage Goncalves wins face-off versus Brendan Gaunce in Toronto St Pats zone.
14:33 of 1st period - Wrist shot by Mike Hardman.
14:33 of 1st period - Goal by Mike Hardman - Toronto St Pats : 1 - Tucson Roadrunners : 2.
14:34 of 1st period - Anthony Richard wins face-off versus Austin Watson in neutral zone.
15:28 of 1st period - Snap shot by Ryan Tverberg.
15:28 of 1st period - Shot Misses the Net.
15:46 of 1st period - Wrist shot by William Carrier.
15:46 of 1st period - Stopped by Matt Murray with a rebound.
15:48 of 1st period - Slapshot by Sheldon Dries.
15:48 of 1st period - Shot Blocked by Nikita Okhotiuk.
15:50 of 1st period - Slapshot by William Carrier.
15:50 of 1st period - Stopped by Matt Murray with a rebound.
15:52 of 1st period - Wrist shot by Sheldon Dries.
15:52 of 1st period - Stopped by Matt Murray without a rebound.
15:53 of 1st period - Connor Dewar wins face-off versus Walker Duehr in Toronto St Pats zone.
16:09 of 1st period - Steven Lorentz is hit by Nick Cousins and loses puck.
16:20 of 1st period - Lucas Carlsson is hit by Robert Hagg and loses puck.
16:52 of 1st period - Sam Malinski is hit by Anthony Richard and loses puck.
17:01 of 1st period - Snap shot by William Carrier.
17:01 of 1st period - Shot Misses the Net.
17:05 of 1st period - Wrist shot by Anthony Richard.
17:05 of 1st period - Shot Misses the Net.
17:07 of 1st period - Snap shot by Sheldon Dries.
17:07 of 1st period - Stopped by Matt Murray without a rebound.
17:08 of 1st period - Brendan Gaunce wins face-off versus Walker Duehr in Toronto St Pats zone.
17:08 of 1st period - Brendan Gaunce is hit by Walker Duehr.
17:20 of 1st period - Wrist shot by Walker Duehr.
17:20 of 1st period - Stopped by Matt Murray with a rebound.
17:22 of 1st period - Wrist shot by Walker Duehr.
17:22 of 1st period - Shot Misses the Net.
17:24 of 1st period - Slapshot by Topias Vilen.
17:24 of 1st period - Shot Misses the Net.
18:00 of 1st period - John Farinacci is hit by Ben Jones.
19:03 of 1st period - Wrist shot by Gage Goncalves.
19:03 of 1st period - Shot Blocked by Austin Watson.
19:15 of 1st period - Slapshot by Ben Jones.
19:15 of 1st period - Stopped by Matt Murray with a rebound.
19:27 of 1st period - Nikita Okhotiuk is hit by Maksymilian Szuber and loses puck.
19:54 of 1st period - Minor Penalty to Scott Perunovich for Holding.
19:55 of 1st period - Walker Duehr wins face-off versus Connor Dewar in Toronto St Pats zone.
Goals for this period are 1 for Toronto St Pats vs 2 for Tucson Roadrunners.
Shots for this period are 4 for Toronto St Pats vs 14 for Tucson Roadrunners.
2nd period
0:01 of 2nd period - Travis Boyd wins face-off versus Anthony Richard in neutral zone.
0:34 of 2nd period - Slapshot by Tyson Barrie.
0:34 of 2nd period - Stopped by Matt Murray without a rebound.
0:35 of 2nd period - Travis Boyd wins face-off versus Walker Duehr in Toronto St Pats zone.
1:08 of 2nd period - Off-side.
1:09 of 2nd period - Travis Boyd wins face-off versus Anthony Richard in neutral zone.
1:14 of 2nd period - Maxwell Crozier is hit by Sam Malinski and loses puck.
1:54 of 2nd period - Penalty to Scott Perunovich is over, Scott Perunovich is back on ice.
1:58 of 2nd period - Off-side.
1:59 of 2nd period - Gage Goncalves wins face-off versus Brendan Gaunce in neutral zone.
2:12 of 2nd period - Snap shot by Brett Berard.
2:12 of 2nd period - Shot Misses the Net.
2:33 of 2nd period - Snap shot by William Carrier.
2:33 of 2nd period - Shot Misses the Net.
2:49 of 2nd period - Wrist shot by Nick Cousins.
2:49 of 2nd period - Stopped by Hunter Shepard with a rebound.
2:51 of 2nd period - Snap shot by Travis Boyd.
2:51 of 2nd period - Shot Misses the Net.
2:53 of 2nd period - Slapshot by Connor Dewar.
2:53 of 2nd period - Stopped by Hunter Shepard with a rebound.
3:07 of 2nd period - Slapshot by William Carrier.
3:07 of 2nd period - Stopped by Matt Murray with a rebound.
3:09 of 2nd period - Slapshot by Maksymilian Szuber.
3:09 of 2nd period - Stopped by Matt Murray without a rebound.
3:10 of 2nd period - Ben Jones wins face-off versus Brendan Gaunce in Toronto St Pats zone.
3:46 of 2nd period - Snap shot by Nick Cousins.
3:46 of 2nd period - Shot Blocked by Gage Goncalves.
3:51 of 2nd period - Off-side.
3:52 of 2nd period - Anthony Richard wins face-off versus Brendan Brisson in neutral zone.
4:40 of 2nd period - Slapshot by Brendan Gaunce.
4:40 of 2nd period - Shot Misses the Net.
4:48 of 2nd period - Gage Goncalves is hit by Brendan Gaunce.
5:38 of 2nd period - Anthony Richard is hit by Pierre-Olivier Joseph and loses puck.
6:16 of 2nd period - Matthew Maggio is hit by Brock McGinn.
7:28 of 2nd period - Wrist shot by Anthony Richard.
7:28 of 2nd period - Deflect By William Carrier.
7:28 of 2nd period - Stopped by Matt Murray with a rebound.
7:40 of 2nd period - Snap shot by Ben Jones.
7:40 of 2nd period - Shot Misses the Net.
7:46 of 2nd period - Tyson Barrie is hit by Sam Malinski and loses puck.
7:55 of 2nd period - Snap shot by Brett Berard.
7:55 of 2nd period - Deflect By Brendan Gaunce.
7:55 of 2nd period - Shot Misses the Net.
7:55 of 2nd period - Puck is out of play.
7:56 of 2nd period - Gage Goncalves wins face-off versus Brendan Brisson in Tucson Roadrunners zone.
8:08 of 2nd period - Mackie Samoskevich is hit by Mike Hardman and loses puck.
8:32 of 2nd period - Wrist shot by Travis Boyd.
8:32 of 2nd period - Shot Misses the Net.
8:44 of 2nd period - Topias Vilen is hit by Nikita Okhotiuk and loses puck.
9:06 of 2nd period - Off-side.
9:07 of 2nd period - Brendan Brisson wins face-off versus Gage Goncalves in neutral zone.
9:12 of 2nd period - Slapshot by Austin Watson.
9:12 of 2nd period - Stopped by Hunter Shepard without a rebound.
9:13 of 2nd period - Anthony Richard wins face-off versus Connor Dewar in Tucson Roadrunners zone.
9:13 of 2nd period - Anthony Richard is hit by Nick Cousins.
9:26 of 2nd period - Minor Penalty to Nikita Okhotiuk for Interference.
9:27 of 2nd period - Travis Boyd wins face-off versus Walker Duehr in Toronto St Pats zone.
9:33 of 2nd period - Slapshot by Brendan Brisson.
9:33 of 2nd period - Deflect By Brock McGinn.
9:33 of 2nd period - Stopped by Hunter Shepard with a rebound.
9:35 of 2nd period - Slapshot by Lassi Thomson.
9:35 of 2nd period - Deflect By Tyson Barrie.
9:35 of 2nd period - Stopped by Hunter Shepard with a rebound.
9:37 of 2nd period - Slapshot by Lassi Thomson.
9:37 of 2nd period - Stopped by Hunter Shepard with a rebound.
9:39 of 2nd period - Wrist shot by Travis Boyd.
9:39 of 2nd period - Stopped by Hunter Shepard with a rebound.
9:41 of 2nd period - Slapshot by Lassi Thomson.
9:41 of 2nd period - Shot Blocked by Johnathan Kovacevic.
9:53 of 2nd period - Pierre-Olivier Joseph is hit by William Carrier and loses puck.
11:22 of 2nd period - Walker Duehr is hit by Austin Watson and loses puck.
11:26 of 2nd period - Penalty to Nikita Okhotiuk is over, Nikita Okhotiuk is back on ice.
11:34 of 2nd period - Brock McGinn is hit by Austin Watson and loses puck.
11:47 of 2nd period - Lassi Thomson is hit by Brock McGinn and loses puck.
11:54 of 2nd period - Snap shot by Brock McGinn.
11:54 of 2nd period - Shot Misses the Net.
11:56 of 2nd period - Wrist shot by Walker Duehr.
11:56 of 2nd period - Stopped by Matt Murray with a rebound.
11:58 of 2nd period - Slapshot by Walker Duehr.
11:58 of 2nd period - Stopped by Matt Murray with a rebound.
12:19 of 2nd period - Snap shot by Brock McGinn.
12:19 of 2nd period - Stopped by Matt Murray with a rebound.
12:25 of 2nd period - Wrist shot by Brock McGinn.
12:25 of 2nd period - Shot Misses the Net.
12:27 of 2nd period - Snap shot by Steven Lorentz.
12:27 of 2nd period - Shot Hit the Post.
12:29 of 2nd period - Wrist shot by Steven Lorentz.
12:29 of 2nd period - Stopped by Matt Murray with a rebound.
12:31 of 2nd period - Wrist shot by Walker Duehr.
12:31 of 2nd period - Shot Blocked by Lucas Carlsson.
12:33 of 2nd period - Wrist shot by Walker Duehr.
12:33 of 2nd period - Shot Misses the Net.
12:35 of 2nd period - Slapshot by Topias Vilen.
12:35 of 2nd period - Shot Misses the Net.
12:37 of 2nd period - Wrist shot by Walker Duehr.
12:37 of 2nd period - Stopped by Matt Murray without a rebound.
12:38 of 2nd period - Anthony Richard wins face-off versus Travis Boyd in Toronto St Pats zone.
12:44 of 2nd period - Off-side.
12:45 of 2nd period - Anthony Richard wins face-off versus Connor Dewar in neutral zone.
14:18 of 2nd period - Minor Penalty to Owen Sillinger for Interference.
14:19 of 2nd period - William Carrier wins face-off versus Connor Dewar in Tucson Roadrunners zone.
14:34 of 2nd period - Wrist shot by Connor Dewar.
14:34 of 2nd period - Goal by Connor Dewar - Toronto St Pats : 2 - Tucson Roadrunners : 2.
14:35 of 2nd period - Connor Dewar wins face-off versus Anthony Richard in neutral zone.
14:51 of 2nd period - Slapshot by Nikita Okhotiuk.
14:51 of 2nd period - Stopped by Hunter Shepard with a rebound.
15:01 of 2nd period - Brett Berard is hit by Steven Lorentz and loses puck.
15:08 of 2nd period - Wrist shot by Brock McGinn.
15:08 of 2nd period - Shot Misses the Net.
15:46 of 2nd period - Austin Watson is hit by Robert Hagg and loses puck.
16:08 of 2nd period - Slapshot by Walker Duehr.
16:08 of 2nd period - Shot Misses the Net.
16:10 of 2nd period - Backhand shot by Walker Duehr.
16:10 of 2nd period - Stopped by Matt Murray without a rebound.
16:11 of 2nd period - Ryan Tverberg wins face-off versus Walker Duehr in Toronto St Pats zone.
16:11 of 2nd period - Ryan Tverberg is hit by Johnathan Kovacevic.
16:17 of 2nd period - Slapshot by Pierre-Olivier Joseph.
16:17 of 2nd period - Stopped by Hunter Shepard with a rebound.
16:19 of 2nd period - Wrist shot by Brendan Gaunce.
16:19 of 2nd period - Shot Misses the Net.
16:21 of 2nd period - Snap shot by Brett Berard.
16:21 of 2nd period - Stopped by Hunter Shepard without a rebound.
16:22 of 2nd period - Anthony Richard wins face-off versus Connor Dewar in Tucson Roadrunners zone.
16:33 of 2nd period - Snap shot by Travis Boyd.
16:33 of 2nd period - Stopped by Hunter Shepard without a rebound.
16:34 of 2nd period - Brendan Brisson wins face-off versus Anthony Richard in Tucson Roadrunners zone.
16:47 of 2nd period - Wrist shot by Austin Watson.
16:47 of 2nd period - Stopped by Hunter Shepard without a rebound.
16:48 of 2nd period - Connor Dewar wins face-off versus Walker Duehr in Tucson Roadrunners zone.
16:49 of 2nd period - Backhand shot by Nick Cousins.
16:49 of 2nd period - Stopped by Hunter Shepard without a rebound.
16:50 of 2nd period - Connor Dewar wins face-off versus Walker Duehr in Tucson Roadrunners zone.
17:26 of 2nd period - Backhand shot by William Carrier.
17:26 of 2nd period - Stopped by Matt Murray without a rebound.
17:27 of 2nd period - Brendan Brisson wins face-off versus Walker Duehr in Toronto St Pats zone.
17:54 of 2nd period - Robert Hagg is hit by Connor Dewar and loses puck.
18:09 of 2nd period - Connor Dewar is hit by Maksymilian Szuber and loses puck.
18:20 of 2nd period - Scott Perunovich is hit by Anthony Richard and loses puck.
18:29 of 2nd period - Wrist shot by Anthony Richard.
18:29 of 2nd period - Stopped by Matt Murray without a rebound.
18:30 of 2nd period - Brendan Gaunce wins face-off versus Walker Duehr in Toronto St Pats zone.
18:42 of 2nd period - Off-side.
18:43 of 2nd period - Walker Duehr wins face-off versus Brendan Brisson in neutral zone.
18:46 of 2nd period - Wrist shot by Johnathan Kovacevic.
18:46 of 2nd period - Stopped by Matt Murray without a rebound.
18:47 of 2nd period - Austin Watson wins face-off versus Walker Duehr in Toronto St Pats zone.
18:53 of 2nd period - Icing by Walker Duehr.
18:54 of 2nd period - Brendan Gaunce wins face-off versus Walker Duehr in Tucson Roadrunners zone.
19:41 of 2nd period - Wrist shot by Sheldon Dries.
19:41 of 2nd period - Stopped by Matt Murray with a rebound.
Goals for this period are 1 for Toronto St Pats vs 0 for Tucson Roadrunners.
Shots for this period are 14 for Toronto St Pats vs 14 for Tucson Roadrunners.
3rd period
0:01 of 3rd period - Anthony Richard wins face-off versus Brendan Brisson in neutral zone.
0:06 of 3rd period - Wrist shot by Brendan Brisson.
0:06 of 3rd period - Stopped by Hunter Shepard with a rebound.
0:08 of 3rd period - Snap shot by Brendan Brisson.
0:08 of 3rd period - Stopped by Hunter Shepard with a rebound.
0:10 of 3rd period - Backhand shot by Nikita Okhotiuk.
0:10 of 3rd period - Deflect By Austin Watson.
0:10 of 3rd period - Shot Misses the Net.
0:10 of 3rd period - Puck is out of play.
0:11 of 3rd period - Brendan Gaunce wins face-off versus Anthony Richard in Tucson Roadrunners zone.
0:12 of 3rd period - Snap shot by Ryan Tverberg.
0:12 of 3rd period - Deflect By Brett Berard.
0:12 of 3rd period - Stopped by Hunter Shepard with a rebound.
0:44 of 3rd period - Slapshot by Tyson Barrie.
0:44 of 3rd period - Stopped by Matt Murray without a rebound.
0:45 of 3rd period - Brendan Brisson wins face-off versus Walker Duehr in Toronto St Pats zone.
0:45 of 3rd period - Brendan Brisson is hit by Brock McGinn.
1:31 of 3rd period - Slapshot by Brendan Brisson.
1:31 of 3rd period - Shot Blocked by Maxwell Crozier.
1:33 of 3rd period - Snap shot by Austin Watson.
1:33 of 3rd period - Shot Misses the Net.
1:35 of 3rd period - Snap shot by Mackie Samoskevich.
1:35 of 3rd period - Deflect By Austin Watson.
1:35 of 3rd period - Shot Blocked by Maxwell Crozier.
1:35 of 3rd period - Puck is out of play.
1:36 of 3rd period - Connor Dewar wins face-off versus Anthony Richard in Tucson Roadrunners zone.
1:37 of 3rd period - Wrist shot by Travis Boyd.
1:37 of 3rd period - Shot Blocked by Johnathan Kovacevic.
1:39 of 3rd period - Slapshot by Nick Cousins.
1:39 of 3rd period - Stopped by Hunter Shepard with a rebound.
1:41 of 3rd period - Wrist shot by Connor Dewar.
1:41 of 3rd period - Goal by Connor Dewar - Toronto St Pats : 3 - Tucson Roadrunners : 2.
1:42 of 3rd period - Sheldon Dries wins face-off versus Connor Dewar in neutral zone.
2:20 of 3rd period - Maksymilian Szuber is hit by Pierre-Olivier Joseph and loses puck.
2:58 of 3rd period - Slapshot by Travis Boyd.
2:58 of 3rd period - Stopped by Hunter Shepard without a rebound.
2:59 of 3rd period - Sheldon Dries wins face-off versus Brendan Gaunce in Tucson Roadrunners zone.
2:59 of 3rd period - Sheldon Dries is hit by Scott Perunovich.
3:24 of 3rd period - Brock McGinn is hit by Matthew Maggio and loses puck.
3:29 of 3rd period - Snap shot by Matthew Maggio.
3:29 of 3rd period - Stopped by Hunter Shepard with a rebound.
3:31 of 3rd period - Slapshot by Lassi Thomson.
3:31 of 3rd period - Deflect By John Farinacci.
3:31 of 3rd period - Shot Misses the Net.
3:31 of 3rd period - Puck is out of play.
3:32 of 3rd period - Brendan Brisson wins face-off versus Walker Duehr in Tucson Roadrunners zone.
3:37 of 3rd period - Snap shot by Mackie Samoskevich.
3:37 of 3rd period - Stopped by Hunter Shepard without a rebound.
3:38 of 3rd period - Brendan Brisson wins face-off versus Walker Duehr in Tucson Roadrunners zone.
3:45 of 3rd period - Snap shot by Austin Watson.
3:45 of 3rd period - Stopped by Hunter Shepard without a rebound.
3:46 of 3rd period - Brendan Gaunce wins face-off versus Anthony Richard in Tucson Roadrunners zone.
3:53 of 3rd period - Slapshot by Brendan Gaunce.
3:53 of 3rd period - Shot Misses the Net.
3:55 of 3rd period - Slapshot by Sam Malinski.
3:55 of 3rd period - Stopped by Hunter Shepard with a rebound.
3:57 of 3rd period - Snap shot by Ryan Tverberg.
3:57 of 3rd period - Deflect By Brendan Gaunce.
3:57 of 3rd period - Shot Blocked by Johnathan Kovacevic.
3:57 of 3rd period - Puck is out of play.
3:58 of 3rd period - Anthony Richard wins face-off versus Ryan Tverberg in Tucson Roadrunners zone.
4:25 of 3rd period - Austin Watson is hit by Brock McGinn.
4:49 of 3rd period - Tyson Barrie is hit by Sam Malinski and loses puck.
5:06 of 3rd period - Slapshot by Travis Boyd.
5:06 of 3rd period - Shot Misses the Net.
5:08 of 3rd period - Wrist shot by Nick Cousins.
5:08 of 3rd period - Deflect By Ben Jones.
5:08 of 3rd period - Stopped by Hunter Shepard without a rebound.
5:09 of 3rd period - Ben Jones wins face-off versus Connor Dewar in Tucson Roadrunners zone.
5:14 of 3rd period - Snap shot by William Carrier.
5:14 of 3rd period - Stopped by Matt Murray with a rebound.
5:22 of 3rd period - Snap shot by Travis Boyd.
5:22 of 3rd period - Deflect By Connor Dewar.
5:22 of 3rd period - Stopped by Hunter Shepard without a rebound.
5:23 of 3rd period - Brendan Gaunce wins face-off versus Walker Duehr in Tucson Roadrunners zone.
5:38 of 3rd period - Snap shot by Brett Berard.
5:38 of 3rd period - Stopped by Hunter Shepard without a rebound.
5:39 of 3rd period - Brendan Brisson wins face-off versus Sheldon Dries in Tucson Roadrunners zone.
6:04 of 3rd period - William Carrier is hit by Travis Boyd and loses puck.
6:22 of 3rd period - Minor Penalty to Connor Dewar for Roughing.
6:23 of 3rd period - Walker Duehr wins face-off versus Brett Berard in Toronto St Pats zone.
6:23 of 3rd period - Slapshot by Tyson Barrie.
6:23 of 3rd period - Stopped by Matt Murray with a rebound.
6:25 of 3rd period - Slapshot by Tyson Barrie.
6:25 of 3rd period - Shot Misses the Net.
6:27 of 3rd period - Snap shot by Walker Duehr.
6:27 of 3rd period - Shot Blocked by Sam Malinski.
6:37 of 3rd period - Snap shot by Steven Lorentz.
6:37 of 3rd period - Stopped by Matt Murray without a rebound.
6:38 of 3rd period - Sheldon Dries wins face-off versus Travis Boyd in Toronto St Pats zone.
6:41 of 3rd period - Wrist shot by William Carrier.
6:41 of 3rd period - Stopped by Matt Murray with a rebound.
6:43 of 3rd period - Wrist shot by Sheldon Dries.
6:43 of 3rd period - Shot Misses the Net.
6:45 of 3rd period - Snap shot by Tyson Barrie.
6:45 of 3rd period - Deflect By William Carrier.
6:45 of 3rd period - Shot Misses the Net.
6:45 of 3rd period - Puck is out of play.
6:46 of 3rd period - Anthony Richard wins face-off versus Travis Boyd in Toronto St Pats zone.
6:51 of 3rd period - Wrist shot by Sheldon Dries.
6:51 of 3rd period - Shot Misses the Net.
6:53 of 3rd period - Snap shot by William Carrier.
6:53 of 3rd period - Shot Misses the Net.
7:05 of 3rd period - Sam Malinski is hit by Johnathan Kovacevic and loses puck.
7:14 of 3rd period - Wrist shot by Sheldon Dries.
7:14 of 3rd period - Shot Misses the Net.
7:16 of 3rd period - Slapshot by William Carrier.
7:16 of 3rd period - Deflect By Anthony Richard.
7:16 of 3rd period - Stopped by Matt Murray with a rebound.
7:18 of 3rd period - Snap shot by Sheldon Dries.
7:18 of 3rd period - Stopped by Matt Murray with a rebound.
7:20 of 3rd period - Wrist shot by Anthony Richard.
7:20 of 3rd period - Deflect By Sheldon Dries.
7:20 of 3rd period - Shot Misses the Net.
7:20 of 3rd period - Puck is out of play.
7:21 of 3rd period - Travis Boyd wins face-off versus Walker Duehr in Toronto St Pats zone.
7:49 of 3rd period - Icing by Anthony Richard.
7:50 of 3rd period - Anthony Richard wins face-off versus Brett Berard in Tucson Roadrunners zone.
8:22 of 3rd period - Penalty to Connor Dewar is over, Connor Dewar is back on ice.
8:33 of 3rd period - Matthew Maggio is hit by Gage Goncalves and loses puck.
8:49 of 3rd period - Icing by Nikita Okhotiuk.
8:50 of 3rd period - Ben Jones wins face-off versus Brendan Gaunce in Toronto St Pats zone.
8:55 of 3rd period - Wrist shot by Ben Jones.
8:55 of 3rd period - Shot Misses the Net.
8:57 of 3rd period - Snap shot by Ondrej Pavel.
8:57 of 3rd period - Stopped by Matt Murray with a rebound.
8:59 of 3rd period - Slapshot by Ben Jones.
8:59 of 3rd period - Shot Misses the Net.
9:01 of 3rd period - Backhand shot by Topias Vilen.
9:01 of 3rd period - Deflect By Ben Jones.
9:01 of 3rd period - Goal by Ben Jones - Toronto St Pats : 3 - Tucson Roadrunners : 3.
9:02 of 3rd period - Brendan Brisson wins face-off versus Anthony Richard in neutral zone.
9:09 of 3rd period - Snap shot by Brendan Brisson.
9:09 of 3rd period - Shot Blocked by Sheldon Dries.
9:11 of 3rd period - Slapshot by Sam Malinski.
9:11 of 3rd period - Deflect By Brendan Brisson.
9:11 of 3rd period - Stopped by Hunter Shepard with a rebound.
9:13 of 3rd period - Wrist shot by Mackie Samoskevich.
9:13 of 3rd period - Stopped by Hunter Shepard with a rebound.
9:15 of 3rd period - Slapshot by Austin Watson.
9:15 of 3rd period - Stopped by Hunter Shepard with a rebound.
9:27 of 3rd period - Brendan Gaunce is hit by Walker Duehr and loses puck.
10:33 of 3rd period - Wrist shot by Brendan Brisson.
10:33 of 3rd period - Shot Misses the Net.
10:45 of 3rd period - Wrist shot by Sam Malinski.
10:45 of 3rd period - Shot Blocked by Maxwell Crozier.
10:47 of 3rd period - Snap shot by John Farinacci.
10:47 of 3rd period - Stopped by Hunter Shepard without a rebound.
10:48 of 3rd period - Ben Jones wins face-off versus John Farinacci in Tucson Roadrunners zone.
11:03 of 3rd period - Wrist shot by Matthew Maggio.
11:03 of 3rd period - Stopped by Hunter Shepard without a rebound.
11:04 of 3rd period - Walker Duehr wins face-off versus Brendan Brisson in Tucson Roadrunners zone.
11:13 of 3rd period - Slapshot by Tyson Barrie.
11:13 of 3rd period - Shot Blocked by Pierre-Olivier Joseph.
11:21 of 3rd period - Tyson Barrie is hit by Pierre-Olivier Joseph and loses puck.
11:40 of 3rd period - Backhand shot by Tyson Barrie.
11:40 of 3rd period - Shot Blocked by Pierre-Olivier Joseph.
11:59 of 3rd period - Off-side.
12:00 of 3rd period - Anthony Richard wins face-off versus Brendan Brisson in neutral zone.
12:27 of 3rd period - Wrist shot by Walker Duehr.
12:27 of 3rd period - Deflect By Brock McGinn.
12:27 of 3rd period - Shot Misses the Net.
12:27 of 3rd period - Puck is out of play.
12:28 of 3rd period - Connor Dewar wins face-off versus Walker Duehr in Toronto St Pats zone.
12:39 of 3rd period - Connor Dewar is hit by Walker Duehr.
12:46 of 3rd period - Minor Penalty to Nikita Okhotiuk for Tripping.
12:47 of 3rd period - Anthony Richard wins face-off versus Travis Boyd in Toronto St Pats zone.
12:51 of 3rd period - Snap shot by William Carrier.
12:51 of 3rd period - Shot Misses the Net.
12:53 of 3rd period - Slapshot by Tyson Barrie.
12:53 of 3rd period - Shot Blocked by Brendan Brisson.
12:55 of 3rd period - Slapshot by Tyson Barrie.
12:55 of 3rd period - Shot Misses the Net.
12:57 of 3rd period - Wrist shot by Johnathan Kovacevic.
12:57 of 3rd period - Shot Blocked by Lassi Thomson.
12:59 of 3rd period - Wrist shot by Johnathan Kovacevic.
12:59 of 3rd period - Stopped by Matt Murray with a rebound.
13:01 of 3rd period - Wrist shot by Anthony Richard.
13:01 of 3rd period - Stopped by Matt Murray without a rebound.
13:02 of 3rd period - Connor Dewar wins face-off versus Walker Duehr in Toronto St Pats zone.
13:13 of 3rd period - Snap shot by Connor Dewar.
13:13 of 3rd period - Shot Misses the Net.
13:23 of 3rd period - Travis Boyd is hit by Robert Hagg and loses puck.
13:36 of 3rd period - Slapshot by Maxwell Crozier.
13:36 of 3rd period - Deflect By Steven Lorentz.
13:36 of 3rd period - Shot Misses the Net.
13:36 of 3rd period - Puck is out of play.
13:37 of 3rd period - Connor Dewar wins face-off versus Anthony Richard in Toronto St Pats zone.
14:06 of 3rd period - Slapshot by Connor Dewar.
14:06 of 3rd period - Shot Blocked by Johnathan Kovacevic.
14:46 of 3rd period - Penalty to Nikita Okhotiuk is over, Nikita Okhotiuk is back on ice.
15:03 of 3rd period - Mike Hardman is hit by Brett Berard and loses puck.
15:18 of 3rd period - Topias Vilen is hit by Nikita Okhotiuk and loses puck.
15:38 of 3rd period - Slapshot by Matthew Maggio.
15:38 of 3rd period - Shot Misses the Net.
15:48 of 3rd period - Steven Lorentz is hit by Austin Watson and loses puck.
16:35 of 3rd period - Maksymilian Szuber is hit by Connor Dewar and loses puck.
16:44 of 3rd period - Lucas Carlsson is hit by Tyson Barrie and loses puck.
17:04 of 3rd period - John Farinacci is hit by Walker Duehr and loses puck.
17:11 of 3rd period - Wrist shot by Walker Duehr.
17:11 of 3rd period - Stopped by Matt Murray with a rebound.
17:13 of 3rd period - Slapshot by Maksymilian Szuber.
17:13 of 3rd period - Deflect By Brock McGinn.
17:13 of 3rd period - Stopped by Matt Murray with a rebound.
17:15 of 3rd period - Wrist shot by Steven Lorentz.
17:15 of 3rd period - Stopped by Matt Murray with a rebound.
17:17 of 3rd period - Snap shot by Steven Lorentz.
17:17 of 3rd period - Stopped by Matt Murray with a rebound.
17:19 of 3rd period - Snap shot by Walker Duehr.
17:19 of 3rd period - Stopped by Matt Murray without a rebound.
17:20 of 3rd period - Brendan Gaunce wins face-off versus Anthony Richard in Toronto St Pats zone.
17:37 of 3rd period - Brett Berard is hit by William Carrier and loses puck.
17:48 of 3rd period - Wrist shot by Pierre-Olivier Joseph.
17:48 of 3rd period - Stopped by Hunter Shepard with a rebound.
17:50 of 3rd period - Snap shot by Travis Boyd.
17:50 of 3rd period - Shot Blocked by Johnathan Kovacevic.
17:52 of 3rd period - Snap shot by Connor Dewar.
17:52 of 3rd period - Shot Misses the Net.
18:15 of 3rd period - Minor Penalty to Austin Watson for Holding.
18:16 of 3rd period - Anthony Richard wins face-off versus Nick Cousins in Toronto St Pats zone.
18:50 of 3rd period - Slapshot by Pierre-Olivier Joseph.
18:50 of 3rd period - Shot Blocked by Maxwell Crozier.
19:53 of 3rd period - Slapshot by Tyson Barrie.
19:53 of 3rd period - Deflect By Gage Goncalves.
19:53 of 3rd period - Shot Misses the Net.
19:53 of 3rd period - Puck is out of play.
19:54 of 3rd period - Travis Boyd wins face-off versus Walker Duehr in Toronto St Pats zone.
Goals for this period are 1 for Toronto St Pats vs 1 for Tucson Roadrunners.
Shots for this period are 19 for Toronto St Pats vs 16 for Tucson Roadrunners.
Overtime #1
0:01 of 1st overtime period - William Carrier wins face-off versus Connor Dewar in neutral zone.
0:04 of 1st overtime period - Slapshot by Tyson Barrie.
0:04 of 1st overtime period - Deflect By Connor Dewar.
0:04 of 1st overtime period - Stopped by Matt Murray with a rebound.
0:10 of 1st overtime period - Tyson Barrie is hit by Pierre-Olivier Joseph and loses puck.
0:15 of 1st overtime period - Penalty to Austin Watson is over, Austin Watson is back on ice.
0:53 of 1st overtime period - Wrist shot by Connor Dewar.
0:53 of 1st overtime period - Stopped by Hunter Shepard with a rebound.
0:55 of 1st overtime period - Snap shot by Pierre-Olivier Joseph.
0:55 of 1st overtime period - Stopped by Hunter Shepard without a rebound.
0:56 of 1st overtime period - Sheldon Dries wins face-off versus Travis Boyd in Tucson Roadrunners zone.
1:05 of 1st overtime period - Snap shot by Brock McGinn.
1:05 of 1st overtime period - Shot Hit the Post.
1:12 of 1st overtime period - Off-side.
1:13 of 1st overtime period - Sheldon Dries wins face-off versus Travis Boyd in neutral zone.
2:06 of 1st overtime period - Brendan Brisson is hit by Tyson Barrie.
2:48 of 1st overtime period - Maxwell Crozier is hit by Nikita Okhotiuk and loses puck.
3:23 of 1st overtime period - Johnathan Kovacevic is hit by Scott Perunovich and loses puck.
4:14 of 1st overtime period - Scott Perunovich is hit by William Carrier and loses puck.
4:52 of 1st overtime period - Icing by Ondrej Pavel.
4:53 of 1st overtime period - Mike Hardman wins face-off versus Austin Watson in Tucson Roadrunners zone.
Goals for this period are 0 for Toronto St Pats vs 0 for Tucson Roadrunners.
Shots for this period are 2 for Toronto St Pats vs 1 for Tucson Roadrunners.
ShootOut
5:00 of 1st overtime period - Round #1.
5:00 of 1st overtime period - Toronto St Pats, Connor Dewar.
5:00 of 1st overtime period - Snap shot by Connor Dewar.
5:00 of 1st overtime period - Stopped by Hunter Shepard.
5:00 of 1st overtime period - Tucson Roadrunners, William Carrier.
5:00 of 1st overtime period - Wrist shot by William Carrier.
5:00 of 1st overtime period - Shot Misses the Net.
5:00 of 1st overtime period - Round #2.
5:00 of 1st overtime period - Toronto St Pats, Nick Cousins.
5:00 of 1st overtime period - Deke by Nick Cousins.
5:00 of 1st overtime period - Stopped by Hunter Shepard.
5:00 of 1st overtime period - Tucson Roadrunners, Anthony Richard.
5:00 of 1st overtime period - Wrist shot by Anthony Richard.
5:00 of 1st overtime period - Stopped by Matt Murray.
5:00 of 1st overtime period - Round #3.
5:00 of 1st overtime period - Toronto St Pats, Travis Boyd.
5:00 of 1st overtime period - Snap shot by Travis Boyd.
5:00 of 1st overtime period - Stopped by Hunter Shepard.
5:00 of 1st overtime period - Tucson Roadrunners, Sheldon Dries.
5:00 of 1st overtime period - Snap shot by Sheldon Dries.
5:00 of 1st overtime period - Goal by Sheldon Dries.
Back to the Top